 Dungeon Crawl Stone Soup version 0.30-a0-1163-gf69bf04e7a (webtiles) character file.

Game seed: 3639965635966796847

3589443 Rrauwl the Conqueror (level 27, 199/199 HPs)
             Began as a Gargoyle Berserker on Apr 22, 2023.
             Was a High Priest of Trog.
             Escaped with the Orb
             ... and 5 runes on Apr 28, 2023!
             The game lasted 04:28:26 (58920 turns).

Rrauwl the Conqueror (Gargoyle Berserker)          Turns: 58920, Time: 04:28:27

Health: 199/199    AC: 69    Str: 32    XL:     27
Magic:  23/23      EV: 10    Int: 20    God:    Trog [*****.]
Gold:   3760       SH: 27    Dex: 13    Spells: 26/26 levels left

rFire   + + +        a - +9 eveningstar (spect)
rCold   + + +        e - +5 kite shield {reflect}
rNeg    + . .        T - +9 scales of the Dragon King {rPois rF+ rC+ Will+}
rPois   ∞            M - +1 hat "Ufocopn" {rF++ rC+ Regen+}
rElec   +            Q - scarf {shadows}
rCorr   +            A - +2 pair of gloves {hurl}
SInv    +            m - +2 pair of boots
Will    +++++        S - amulet of the Salmon {Reflect rCorr Str+3 Int+3 Dex+2 SH+5} Stlth
                     W - ring "Awkiadd" {rC++ Will++ rCorr Int-2}
HPRegen 0.00/turn    O - ring "Palococ" {Contam Int+9 Slay+5 SInv}
MPRegen 0.18/turn

%: reflection
@: flying, inhibited regen, studying 2 skills
A: sickness immunity, AC +20, big wings, negative energy resistance 1,
electricity resistance, torment resistance 1, petrification resistance,
iridescent scales 2, inhibited regeneration, weak 1, no potion heal 1
0: Orb of Zot
}: 5/15 runes: barnacled, slimy, silver, abyssal, gossamer
a: Renounce Religion, Berserk, Trog's Hand, Brothers in Arms


You escaped.
You worshipped Trog.
Trog was extremely pleased with you.
You visited 13 branches of the dungeon, and saw 57 of its levels.
You visited the Abyss 4 times.
You visited 1 bazaar.
You also visited: Trove, Bailey and Gauntlet.

You collected 8158 gold pieces.
You spent 4398 gold pieces at shops.

Inventory:

Hand Weapons
 a - a +9 spectral eveningstar (weapon)
Missiles
 I - 29 javelins (quivered)
 J - 4 throwing nets
 Y - 8 silver javelins
Armour
 e - a +5 kite shield of reflection (worn)
 m - a +2 pair of boots (worn)
 A - a +2 pair of gloves of hurling (worn)
 M - the +1 hat "Ufocopn" (worn) {rF++ rC+ Regen+}
   (You found it in a treasure trove)

   rF:        It greatly protects you from fire.
   rC:        It protects you from cold.
   Regen:     It increases your rate of health regeneration.
 Q - a scarf of shadows (worn)
 T - the +9 scales of the Dragon King (worn) {rPois rF+ rC+ Will+}
   (You took it off a vault guard on level 5 of the Vaults)

   rF:        It protects you from fire.
   rC:        It protects you from cold.
   rPois:     It protects you from poison.
   Will:      It increases your willpower.
Jewellery
 O - the ring "Palococ" (right hand) {Contam Int+9 Slay+5 SInv}
   (You bought it in a shop on level 1 of the Elven Halls)

   [ring of see invisible]

   Int:       It affects your intelligence (+9).
   Slay:      It affects your accuracy & damage with ranged weapons and melee
   (+5).
   SInv:      It lets you see invisible.
   Contam:    It causes magical contamination when unequipped.
 S - the amulet of the Salmon (around neck) {Reflect rCorr Str+3 Int+3 Dex+2 SH+5}
   (You found it on level 5 of the Vaults)

   [amulet of reflection]

   It reflects blocked missile attacks.
   Str:       It affects your strength (+3).
   Int:       It affects your intelligence (+3).
   Dex:       It affects your dexterity (+2).
   rCorr:     It protects you from acid and corrosion.
   SH:        It affects your SH (+5).
 W - the ring "Awkiadd" (left hand) {rC++ Will++ rCorr Int-2}
   (You took it off a necromancer on level 5 of the Vaults)

   [ring of resist corrosion]

   Int:       It affects your intelligence (-2).
   rC:        It greatly protects you from cold.
   rCorr:     It protects you from acid and corrosion.
   Will:      It greatly increases your willpower.
Wands
 h - a wand of charming (59)
 p - a wand of acid (9)
 q - a wand of polymorph (12)
 u - a wand of flame (76)
 v - a wand of digging (1)
 C - a wand of iceblast (38)
 R - a wand of mindburst (51)
Scrolls
 c - 5 scrolls of magic mapping
 i - 18 scrolls of teleportation
 o - 4 scrolls of immolation
 t - 3 scrolls of blinking
 w - 3 scrolls of summoning
 B - 15 scrolls of fog
 E - 7 scrolls of fear
 G - 7 scrolls of poison
 V - 4 scrolls of silence
Potions
 k - 10 potions of lignification
 l - 17 potions of attraction
 n - 3 potions of haste
 r - 12 potions of heal wounds
 s - 17 potions of curing
 D - 3 potions of invisibility
 F - 3 potions of might
 H - 3 potions of resistance
 K - 3 potions of cancellation
 L - 2 potions of berserk rage
 Z - 6 potions of ambrosia
Miscellaneous
 b - a lightning rod (4/4)
 d - a phial of floods
 y - a piece from Xom's chessboard (15/15)
 z - a tin of tremorstones (2/2)
 N - a box of beasts
 P - a phantom mirror


   Skills:
 O Level 27 Fighting
 - Level 20.0 Maces & Flails
 - Level 20.0 Throwing
 O Level 27 Armour
 - Level 5.0 Dodging
 - Level 5.0 Stealth
 + Level 25.2 Shields
 - Level 6.0 Evocations


You had 26 spell levels left.
You didn't know any spells.
Your spell library was empty.

Dungeon Overview and Level Annotations

Branches:
Dungeon (15/15)            Temple (1/1) D:7            Lair (5/5) D:9
 Shoals (4/4) Lair:3       Spider (4/4) Lair:2        Slime (5/5) Lair:4
    Orc (2/2) D:9             Elf (3/3) Orc:2        Vaults (5/5) D:14
  Crypt (3/3) Vaults:3       Tomb (0/3) Crypt:3      Depths (4/4) D:15
   Hell (visited)             Dis (0/7) Hell            Geh (0/7) Hell
    Coc (0/7) Hell            Tar (0/7) Hell            Zot (5/5) Depths:4
 Bailey (visited)         Gauntlet (visited)

Altars:
Ashenzari
Cheibriados
Dithmenos
Elyvilon
Fedhas
Gozag
Hepliaklqana
Kikubaaqudgha
Makhleb
Nemelex Xobeh
Okawaru
Qazlal
Ru
Sif Muna
Trog
Uskayaw
Vehumet
Wu Jian
Xom
Yredelemnul
Zin
The Shining One
Jiyva

Shops:
D:3 *   D:4 (   D:13 *   Orc:2 [(:*   Elf:1 ([=[   Elf:2 =   Shoals:4 =
Vaults:3 [

Portals:
Hell: Depths:1 Depths:2 Depths:3 Depths:4
Abyss: Depths:3
Pandemonium: Depths:2
Ziggurat: Depths:1


Innate Abilities, Weirdness & Mutations

You are immune to sickness and miasma.
Your stone body is resilient. (AC +20)
You are immune to poison.
Your large and strong wings let you fly.
You resist negative energy. (rN+)
You are resistant to electric shocks. (rElec)
You are resistant to unholy torment.
You are immune to petrification.
You are mostly covered in iridescent scales. (AC +4)
You do not regenerate when monsters are visible.
You are weak. (Str -2)
Potions are less effective at restoring your health.


Message History

Your +9 spectral eveningstar hits the hellwing.
You completely miss the hellwing.
The hellwing is lightly wounded.
Your +9 spectral eveningstar hits the hellwing.
The hellwing hits you but does no damage. x2
You puncture the hellwing!
The hellwing is heavily wounded.
Your +9 spectral eveningstar hits the hellwing!!
You kill the hellwing!
Trog accepts your kill.
No target in view!
Your +9 spectral eveningstar disappears.
There is a stone staircase leading up here.
You fly upwards.
There is a stone staircase leading down here.
A demonspawn black sun, a soul eater and a demonspawn blood saint come into view.
The demonspawn blood saint is wielding a +0 quarterstaff and wearing a +1 robe of fire resistance.
There is a stone staircase leading up here.
You fly upwards.
There is a stone staircase leading down here.
You see here 5 stones.
There is a stone staircase leading up here.
You fly upwards.
There is a stone staircase leading down here.
There is an open door here.
There is a stone staircase leading up here.
You fly upwards.
There is a stone staircase leading down here.
A reaper comes into view.
It is wielding a +4 scythe of protection.
There is an escape hatch in the ceiling here.
A mysterious force pulls you upwards. The hatch slams shut behind you.
There is a stone staircase leading up here.
You fly upwards.
There is a stone staircase leading down here.
An efreet comes into view.
It is wielding a +1 scimitar of flaming.
There is a staircase leading out of the dungeon here.
The efreet gestures at you.
The fireball explodes!
The fireball engulfs you but does no damage.
You have escaped!

#†...........##.#...............#
#............##............##....
#..............#####..#######....
##########.....#####...# #.... #
#.....##....#.# #.... #
#####.....##....#.# #....
#.........##....#.#### #....
#.........#.8...#R...###....
#.........#@......##...#....
#......####.8...#.####......
#......# ##....##.# ##.....
#......# #....# #.# ##....
#......# #....# #.# ##..#
#......# ####.# #.# #..# #......#
#.# #.###.# #......# ### #.....
#......# #.....


You could see an efreet.

Vanquished Creatures
  the Royal Jelly (Slime:5)
  5 dread liches
  10 ancient liches
  3 orbs of fire
  Mennas (Vaults:3)
  Mara (Vaults:3)
  A juggernaut (Depths:4)
  Sojobo (Vaults:5)
  The ghost of Ceuschugat the Warrior, a veteran GrFi of the Shining One (Crypt:2)
  3 Killer Klowns (Zot:5)
  Saint Roka (Orc:2)
  Geryon (Hell)
  7 golden dragons
  A caustic shrike (Depths:2)
  Nikola (Spider:3)
  2 bone dragons (Abyss:3)
  The ghost of Nedaafist the Warrior, an adept DgNe (Crypt:2)
  Arachne (Spider:2)
  2 electric golems
  2 doom hounds (Depths:2)
  The ghost of laial the Slayer, an adept GrFi of Okawaru (Elf:3)
  Jorgrun (D:14)
  A walking earthen tome (Depths:3)
  A Brimstone Fiend (D:11)
  3 hellephants
  Grunn (Depths:2)
  4 tentacled monstrosities
  26 Orb Guardians
  A walking frostbound tome (Depths:3)
  A quicksilver dragon (Zot:5)
  Rupert (Orc:1)
  3 deep elf blademasters (Elf:3)
  2 deep elf master archers (Elf:3)
  5 liches
  A kraken (Shoals:2)
  9 tentacled starspawn (Abyss:3)
  14 acid blobs
  The ghost of Biunumosm the Warrior, an adept OpVM of Qazlal (Depths:1)
  10 titans
  6 sphinxes
  Polyphemus (Shoals:2)
  4 death cobs
  6 storm dragons
  7 ancient champions
  2 draconian monks
  5 revenants
  14 azure jellies
  Ilsuiw (Shoals:2)
  11 tengu reavers
  Roxanne (Shoals:2)
  A draconian knight (Zot:4)
  5 shadow dragons
  9 rockslimes
  An emperor scorpion (Spider:4)
  7 fire giants
  A balrug (Abyss:3)
  11 frost giants
  2 iron dragons
  5 curse skulls
  Louise (D:15)
  3 deep elf sorcerers (Elf:3)
  5 ghost moths
  21 vault wardens
  18 ironbound preservers
  8 ghouls
  3 cacodemons
  A caustic shrike zombie (Depths:1)
  5 orc warlords
  A draconian annihilator (Abyss:3)
  8 quicksilver oozes
  8 deep elf elementalists
  3 draconian stormcallers (Depths:4)
  2 spriggan defenders
  6 broodmothers
  4 war gargoyles
  8 vampire knights
  15 ironbound thunderhulks
  4 reapers
  21 very ugly things
  6 deep elf demonologists
  3 green draconians
  17 stone giants
  14 dire elephants
  12 deep elf annihilators
  Azrael (D:12)
  5 red draconians
  2 white draconians (Depths:4)
  6 spark wasps
  4 purple draconians
  A minotaur (Gauntlet)
  2 yellow draconians (Zot:4)
  A bunyip (Abyss:3)
  A bunyip (shapeshifter) (Elf:3)
  3 merfolk javelineers
  A crystal guardian (Vaults:2)
  A blizzard demon (Abyss:3)
  13 ettins
  2 eidola (Crypt:2)
  8 fire dragons
  2 mummy priests (Crypt:3)
  8 entropy weavers
  11 deep elf death magi
  7 deep elf high priests
  13 merfolk impalers
  9 yaktaur captains
  18 jiangshi
  Josephine (D:14)
  4 rakshasas
  9 great orbs of eyes
  A quicksilver dragon zombie (Abyss:3)
  An ice dragon (shapeshifter) (Depths:2)
  2 peacekeepers
  4 ice dragons
  46 vault guards
  2 catoblepae
  A caustic shrike simulacrum (Abyss:3)
  An anaconda (shapeshifter) (Vaults:4)
  7 spriggan air magi
  6 hydras
  13 centaur warriors
  4 merfolk avatars
  3 radroaches
  11 ironbound frosthearts
  2 alligator snapping turtles (Shoals:4)
  9 boulder beetles
  3 ogre magi
  A death scarab (Spider:4)
  7 two-headed ogres
  3 jorogumos (Spider:4)
  23 dancing weapons
  7 merfolk aquamancers
  7 tengu warriors
  The ghost of What the Skirmisher, a novice DsGl of Wu Jian (D:10)
  6 deep troll earth magi
  A titan zombie (Crypt:1)
  7 deep troll shamans
  13 vampire magi
  2 orc high priests (Elf:3)
  6 spriggan berserkers
  4 hell hogs (Hell)
  12 death yaks
  5 thrashing horrors
  Urug (Lair:2)
  13 hell knights
  17 soul eaters
  15 deep elf knights
  8 spriggans
  A storm dragon zombie (Crypt:1)
  4 sun demons
  5 wretched stars (Abyss:3)
  7 pharaoh ants
  32 skeletal warriors
  5 skysharks
  2 sun moths
  5 shadow wraiths
  10 iron trolls
  2 shadow demons (Elf:3)
  4 spatial maelstroms (Abyss:3)
  6 sea snakes
  51 deep trolls
  5 flayed ghosts
  A deep troll (shapeshifter) (Vaults:5)
  7 orb spiders
  A golden dragon skeleton (Crypt:1)
  The ghost of Lavandula the Martial Artist, a novice MfTm of Okawaru (D:7)
  8 bog bodies
  5 glowing orange brains
  13 wizards
  12 lindwurms
  16 deep elf pyromancers
  12 deep elf archers
  16 ironbound convokers
  8 orc knights
  An anaconda skeleton (Crypt:3)
  19 deep elf zephyrmancers
  16 necromancers
  10 phantasmal warriors
  8 harpies
  3 orc sorcerers
  7 shining eyes
  2 shadow dragon skeletons (Crypt:3)
  50 ugly things
  5 steelbarb worms
  A tengu skeleton (Depths:1)
  13 cyclopes
  A fire giant zombie (Crypt:1)
  A shining eye (shapeshifter) (Vaults:5)
  A fire giant skeleton (Depths:1)
  A frost giant skeleton (Depths:1)
  21 wolf spiders
  A stone giant skeleton (Crypt:1)
  17 manticores
  11 moths of wrath
  A dire elephant zombie (Abyss:3)
  A worldbinder (Abyss:3)
  Maurice (D:8)
  3 black mambas
  5 water nymphs
  2 molten gargoyles (Lair:4)
  2 eyes of devastation
  8 demonic crawlers
  20 vault sentinels
  12 elephants
  A rust devil (Abyss:3)
  Maggie (D:10)
  A centaur zombie (Crypt:1)
  A gargoyle (D:13)
  An unseen horror (D:11)
  8 merfolk sirens
  A green draconian zombie (Crypt:2)
  8 cane toads
  7 smoke demons
  8 torpor snails
  A catoblepas zombie (Crypt:3)
  3 dire elephant skeletons
  3 efreet
  A minotaur zombie (Gauntlet)
  4 kobold demonologists
  2 tormentors
  4 orange demons
  A rime drake (shapeshifter) (Depths:2)
  3 sea snake zombies (Hell)
  3 freezing wraiths
  3 rime drakes
  14 komodo dragons
  A red devil (Abyss:3)
  2 spriggan zombies
  18 yaktaurs
  8 ice devils
  A red draconian skeleton (Crypt:3)
  3 tengu conjurers
  22 guardian mummies (Crypt:3)
  2 human skeletons (Vaults:1)
  5 ancient zymes (Abyss:3)
  6 trolls
  25 merfolk
  5 wind drakes
  11 polar bears
  A sea snake skeleton (Hell)
  A hydra zombie (Hell)
  25 tarantellas
  A tyrant leech (Gauntlet)
  44 blink frogs
  A tarantella (shapeshifter) (D:13)
  An alligator zombie (Hell)
  A dream sheep (shapeshifter) (Depths:3)
  3 hellwings
  21 raiju
  10 hornets
  Prince Ribbit (Bailey)
  A guardian serpent zombie (Crypt:2)
  5 dream sheep (Lair:4)
  12 snapping turtles
  An ettin skeleton (Crypt:3)
  10 flying skulls
  A centaur simulacrum (D:15)
  20 culicivoras
  81 slime creatures
  3 air elementals
  A spriggan (shapeshifter) (Abyss:3)
  33 jumping spiders
  16 large abominations (Abyss:3)
  7 ynoxinuls
  12 ushabtiu (Crypt:3)
  28 water elementals
  An alligator skeleton (Hell)
  18 wraiths
  8 wyverns
  6 basilisks
  27 yaks
  8 humans
  2 shadows
  2 vampires
  11 fire elementals
  5 chaos spawn
  2 golden eyes (Abyss:3)
  3 neqoxecs (Abyss:3)
  4 steam dragons
  2 redbacks (shapeshifter)
  9 vampire mosquitoes
  11 wargs
  An elf simulacrum (Vaults:1)
  68 redbacks
  A swamp worm (shapeshifter) (Vaults:4)
  A fire bat zombie (Crypt:1)
  2 hydra simulacra (Hell)
  2 acid dragons (D:13)
  8 spatial vortices (Abyss:3)
  4 swamp worms (Gauntlet)
  A tengu zombie (Depths:1)
  A floating eye (shapeshifter) (Vaults:5)
  18 hell hounds
  2 floating eyes
  24 orc warriors
  14 water moccasins
  2 ice beasts (D:5)
  A sky beast (D:7)
  12 black bears
  A human zombie (Vaults:1)
  10 ogres
  8 small abominations
  A blink frog zombie (Crypt:1)
  A dream sheep skeleton (Crypt:3)
  33 wolves
  7 boggarts
  4 centaurs
  A phantom (D:6)
  An elf zombie (Crypt:3)
  5 kobold brigands
  19 bullfrogs
  5 earth elementals
  2 gnoll sergeants
  2 necrophages (Crypt:3)
  5 scorpions
  A human simulacrum (Vaults:1)
  17 wights
  A raiju zombie (Crypt:1)
  12 killer bees
  8 howler monkeys
  10 electric eels
  5 lava snakes (Lair:4)
  A crimson imp (Abyss:3)
  5 jellies
  3 quasits (Abyss:3)
  A wolf skeleton (Crypt:1)
  18 orc priests
  3 hounds
  12 starcursed masses (Abyss:3)
  A sleepcap (D:5)
  2 iguanas (D:5)
  24 orc wizards
  11 hell rats
  A statue (D:8)
  A naga zombie (Crypt:3)
  3 naga skeletons
  9 mummies (Crypt:3)
  15 gnolls
  8 adders
  2 shadow imps
  A swamp drake skeleton (Crypt:3)
  5 white imps
  A jelly zombie (Crypt:2)
  An iguana skeleton (Crypt:3)
  2 worms (D:3)
  A dart slug (D:1)
  72 orcs
  9 endoplasms
  4 giant cockroaches (D:1)
  15 goblins
  13 hobgoblins
  2 jackals (D:1)
  3 quokkas
  5 ball pythons
  6 bats
  6 frilled lizards
  A giant cockroach zombie (Crypt:2)
  25 kobolds
  A quokka skeleton (Crypt:3)
  9 rats
  A river rat zombie (Crypt:2)
  2 fire vortices (Hell)
  A spectral weapon (Spider:4)
  8 starspawn tentacles (Abyss:3)
  2 tentacles (Shoals:2)
2605 creatures vanquished.

Vanquished Creatures (collateral kills)
  A dread lich (Abyss:3)
  A royal mummy (Crypt:3)
  Mlioglotl (Spider:2)
  A Hell Sentinel (Abyss:3)
  A titan (Vaults:5)
  3 acid blobs (Slime:5)
  3 storm dragons
  A fire giant (Vaults:5)
  2 rockslimes (Slime:5)
  2 vault wardens (Vaults:5)
  A frost giant (Vaults:5)
  3 ironbound preservers
  2 quicksilver oozes (Slime:5)
  2 very ugly things (Vaults:1)
  An ettin (Vaults:5)
  A mummy priest (Crypt:3)
  A merfolk impaler (Shoals:2)
  A yaktaur captain (Vaults:3)
  A vault guard (Vaults:5)
  2 dancing weapons (Elf:2)
  A sun demon (Hell)
  A deep troll (Vaults:3)
  An orc knight (Vaults:5)
  A phantasmal warrior (Vaults:5)
  2 deep elf zephyrmancers (Elf:2)
  An orc sorcerer (Vaults:5)
  An ugly thing (Vaults:1)
  The ghost of topfpfpflanze the Reanimator, a novice FeNe (Lair:1)
  A manticore (Shoals:2)
  A merfolk siren (Shoals:2)
  An orange demon (Depths:2)
  2 yaktaurs (Vaults:3)
  A guardian mummy (Crypt:3)
  An ancient zyme (Abyss:3)
  A merfolk (Shoals:2)
  A snapping turtle (Shoals:4)
  A yak (D:7)
  5 slime creatures (Slime:5)
  An ushabti (Crypt:3)
  4 ogres (D:7)
  A bullfrog (D:7)
  A hell rat (Hell)
  An orc (Vaults:5)
  A spectral weapon (Slime:5)
  A starspawn tentacle (Abyss:3)
65 creatures vanquished.

Vanquished Creatures (others)
  A draconian monk (Zot:4)
  A deep elf knight (Elf:2)
  A sea snake (Shoals:3)
  A bog body (Crypt:3)
  A water elemental (Abyss:3)
  A human zombie (Gauntlet)
  A black bear (D:7)
  An orc (Vaults:5)
  39 fungi
  157 plants
  88 spectral weapons
  22 starspawn tentacles (Abyss:3)
  7 tentacles (Shoals:2)
321 creatures vanquished.

Grand Total: 2991 creatures vanquished

Notes
Turn   | Place    | Note
-------+----------+-------------------------------------------
     0 | D:1      | Rrauwl the Gargoyle Berserker began the quest for the Orb.
     0 | D:1      | Reached XP level 1. HP: 14/14 MP: 1/1
    96 | D:1      | Reached XP level 2. HP: 9/19 MP: 2/2
   186 | D:1      | Reached skill level 1 in Stealth
   280 | D:1      | Reached XP level 3. HP: 23/23 MP: 3/3
   292 | D:1      | Reached ** piety under Trog
  1039 | D:2      | Reached XP level 4. HP: 27/29 MP: 4/4
  1623 | D:3      | Reached XP level 5. HP: 23/33 MP: 5/5
  1970 | D:3      | Found Nina's General Store.
  1980 | D:3      | Bought a potion of attraction for 36 gold pieces
  1980 | D:3      | Bought a scroll of enchant armour for 90 gold pieces
  2009 | D:3      | Reached skill level 1 in Evocations
  2300 | D:4      | Found Feogal's Weapon Shoppe.
  2529 | D:4      | Reached *** piety under Trog
  2534 | D:4      | Reached XP level 6. HP: 27/39 MP: 6/6
  2960 | D:5      | Entered Level 5 of the Dungeon
  2960 | D:5      | Found a transporter.
  2969 | D:5      | Found a transporter.
  3085 | D:5      | Noticed an ice beast
  3096 | D:5      | Killed an ice beast
  3097 | D:5      | Reached skill level 5 in Fighting
  3097 | D:5      | Reached XP level 7. HP: 44/44 MP: 7/7
  3170 | D:5      | Noticed a hornet
  3179 | D:5      | Killed a hornet
  3180 | D:5      | Reached skill level 5 in Maces & Flails
  3180 | D:5      | Reached skill level 5 in Armour
  3688 | D:5      | Reached XP level 8. HP: 46/51 MP: 8/8
  4499 | D:6      | Reached **** piety under Trog
  4500 | D:6      | Reached XP level 9. HP: 55/55 MP: 9/9
  4669 | D:6      | Found an iron altar of Okawaru.
  4678 | D:6      | Found an opulent altar of Gozag.
  4724 | D:7      | Noticed Lavandula's ghost (novice MfTm)
  4724 | D:7      | Found a transporter.
  4724 | D:7      | Found a transporter.
  4733 | D:7      | Found a staircase to the Ecumenical Temple.
  4793 | Temple   | Entered the Ecumenical Temple
  5212 | D:7      | Reached skill level 10 in Maces & Flails
  6114 | D:8      | Reached XP level 10. HP: 56/60 MP: 10/10
  6140 | D:8      | Identified the ring "Wurchoewi" {rPois AC+4}
  6220 | D:8      | Noticed Maurice
  6291 | D:8      | Killed Maurice
  6375 | D:8      | Found a basalt altar of Yredelemnul.
  6541 | D:8      | Found a radiant altar of Vehumet.
  6711 | D:7      | Killed Lavandula's ghost
  6836 | D:9      | Reached skill level 1 in Shields
  7008 | D:9      | Gained mutation: Your body sometimes deteriorates upon
                  | taking damage. [potion of mutation]
  7151 | D:9      | Found a staircase to the Orcish Mines.
  7242 | D:9      | Reached XP level 11. HP: 64/64 MP: 11/11
  7316 | D:9      | Found a flagged portal.
  7328 | Bailey   | Entered a bailey
  7345 | Bailey   | Reached skill level 5 in Shields
  7413 | Bailey   | Reached ***** piety under Trog
  7488 | Bailey   | Noticed Prince Ribbit
  7488 | Bailey   | Noticed a vault guard
  7507 | Bailey   | Killed a vault guard
  7511 | Bailey   | Killed Prince Ribbit
  7548 | Bailey   | Noticed a vault guard
  7562 | Bailey   | Killed a vault guard
  7855 | D:9      | Found a staircase to the Lair.
  8013 | D:9      | Found a shimmering blue altar of Sif Muna.
  8087 | Lair:1   | Entered Level 1 of the Lair of Beasts
  8196 | Lair:1   | Identified the staff of air "Waaniomm" {rElec rC++ Str-4}
  8261 | Lair:1   | Lost mutation: Your body sometimes deteriorates upon taking
                  | damage. [potion of mutation]
  8261 | Lair:1   | Gained mutation: You are frail. (-10% HP) [potion of
                  | mutation]
  8261 | Lair:1   | Gained mutation: You possess an exceptional clarity of
                  | mind. [potion of mutation]
  8261 | Lair:1   | Gained mutation: You are partially covered in iridescent
                  | scales. (AC +2) [potion of mutation]
  8297 | Lair:1   | Found a runed translucent gate.
  8298 | Lair:1   | Found a runed translucent gate.
  8299 | Lair:1   | Found a runed translucent gate.
  8299 | Lair:1   | Noticed topfpfpflanze's ghost (novice FeNe)
  8658 | Lair:1   | Reached skill level 10 in Shields
  8680 | Lair:1   | Killed topfpfpflanze's ghost
  8744 | Lair:2   | Noticed a death yak
  8753 | Lair:2   | Noticed Urug
  8754 | Lair:2   | Killed a death yak
  8774 | Lair:2   | Reached XP level 12. HP: 57/63 MP: 10/12
  8790 | Lair:2   | Killed Urug
  8903 | Lair:2   | Noticed a five-headed hydra
  8916 | Lair:2   | Killed a five-headed hydra
  9426 | Lair:2   | Found a hole to the Spider Nest.
  9649 | Lair:2   | Noticed a boulder beetle
  9669 | Lair:2   | Killed a boulder beetle
  9866 | Lair:2   | Noticed a skyshark
  9885 | Lair:2   | Killed a skyshark
 10377 | Lair:3   | Reached XP level 13. HP: 46/70 MP: 7/13
 10462 | Lair:3   | You fall into a shaft and drop 2 floors!
 10462 | Lair:5   | Entered Level 5 of the Lair of Beasts
 10540 | Lair:5   | Reached skill level 15 in Maces & Flails
 10889 | Lair:5   | Received a gift from Trog
 11415 | Lair:3   | Reached skill level 15 in Shields
 11766 | Lair:3   | Found a staircase to the Shoals.
 12192 | Lair:4   | Gained mutation: Your large and strong wings let you fly.
                  | [Gargoyle growth]
 12192 | Lair:4   | Reached XP level 14. HP: 75/75 MP: 14/14
 12459 | Lair:4   | Found a viscous altar of Jiyva.
 12459 | Lair:4   | Found a staircase to the Slime Pits.
 12526 | Lair:4   | Received a gift from Trog
 13603 | Lair:5   | Reached skill level 10 in Armour
 13644 | Lair:5   | Reached skill level 10 in Fighting
 13887 | Lair:5   | Identified the +9 scale mail of Dithmenos's Delight {Harm
                  | Fly rF+ Int+4}
 14485 | D:10     | Entered Level 10 of the Dungeon
 14485 | D:10     | Found a glowing silver altar of Zin.
 14597 | D:10     | Noticed Maggie
 14609 | D:10     | Killed Maggie
 14792 | D:10     | Noticed What's ghost (novice DsGl)
 14814 | D:10     | Found a transporter.
 14969 | D:10     | Found a transporter.
 15090 | D:10     | Lost mutation: You possess an exceptional clarity of mind.
                  | [potion of mutation]
 15090 | D:10     | Lost mutation: You are partially covered in iridescent
                  | scales. (AC +2) [potion of mutation]
 15090 | D:10     | Gained mutation: You occasionally lose the ability to drink
                  | potions when taking damage. [potion of mutation]
 15090 | D:10     | Gained mutation: You have a pair of small horns on your
                  | head. [potion of mutation]
 15635 | D:10     | Killed What's ghost
 15809 | D:10     | Identified the amulet "Dotifergh" {Acrobat Str+2 Int+3}
 16025 | D:11     | Reached XP level 15. HP: 76/83 MP: 11/15
 16193 | D:11     | Reached skill level 5 in Evocations
 17292 | D:12     | Lost mutation: You occasionally lose the ability to drink
                  | potions when taking damage. [potion of mutation]
 17292 | D:12     | Lost mutation: You have a pair of small horns on your head.
                  | [potion of mutation]
 17292 | D:12     | Gained mutation: Your natural rate of healing is unusually
                  | fast. [potion of mutation]
 17292 | D:12     | Gained mutation: You have sharp toenails. [potion of
                  | mutation]
 17292 | D:12     | Lost mutation: You are frail. (-10% HP) [potion of
                  | mutation]
 17457 | D:12     | Noticed Azrael
 17467 | D:12     | Reached ****** piety under Trog
 17487 | D:12     | Killed Azrael
 18059 | D:13     | Found a gate leading to a gauntlet.
 18081 | Gauntlet | Entered a Gauntlet
 18081 | Gauntlet | Found a transporter.
 18089 | Gauntlet | Found a transporter.
 18093 | Gauntlet | Found a transporter.
 18101 | Gauntlet | Found a transporter.
 18105 | Gauntlet | Found a transporter.
 18117 | Gauntlet | Found a transporter.
 18118 | Gauntlet | Found a transporter.
 18123 | Gauntlet | Found a runed translucent gate.
 18123 | Gauntlet | Found a runed translucent gate.
 18123 | Gauntlet | Found a runed translucent gate.
 18125 | Gauntlet | Found a transporter.
 18129 | Gauntlet | Found a transporter.
 18137 | Gauntlet | Found a transporter.
 18168 | Gauntlet | Found a transporter.
 18180 | Gauntlet | Found a transporter.
 18193 | Gauntlet | Found a transporter.
 18206 | Gauntlet | Found a transporter.
 18307 | Gauntlet | Received a gift from Trog
 18511 | Gauntlet | Identified the ring "Xeestryew" {rPois MP+9}
 18525 | Gauntlet | Identified the +3 scale mail "Vuycra" {rPois Slay+3}
 18525 | Gauntlet | Identified the ring of Fiasyas {rPois Int+2 Dex+3}
 18550 | Gauntlet | Identified the +8 battleaxe "Goelazxe" {protect, Contam
                  | rElec Will+ Str+3}
 18733 | D:13     | Identified the staff of fire "Buqyc" {rF+ Str+4}
 19088 | D:13     | Found Iraeriel's Assorted Antiques.
 19096 | D:13     | Bought a crooked fluorescent wand for 96 gold pieces
 19293 | D:13     | Found the +8 Wrath of Trog {antimagic, *Rage Rampage}
 19621 | D:14     | Reached skill level 1 in Throwing
 19828 | D:14     | Reached XP level 16. HP: 87/101 MP: 11/16
 19966 | D:14     | Received a gift from Trog
 20058 | D:14     | Noticed Josephine
 20075 | D:14     | Killed Josephine
 20210 | D:14     | Noticed Jorgrun
 20219 | D:14     | Killed Jorgrun
 20310 | D:14     | Found a gate to the Vaults.
 20630 | D:15     | Entered Level 15 of the Dungeon
 20895 | D:15     | Noticed Louise
 20904 | Abyss:3  | Cast into level 3 of the Abyss (Louise)
 20948 | D:15     | Escaped the Abyss
 20961 | D:15     | Killed Louise
 21525 | D:15     | Found a staircase to the Depths.
 21951 | Orc:1    | Entered Level 1 of the Orcish Mines
 21952 | Orc:1    | Upgraded the game from 0.30-a0-1122-g620db56ad9 to
                  | 0.30-a0-1163-gf69bf04e7a
 21967 | Orc:1    | Received a gift from Trog
 22048 | Orc:1    | Reached skill level 5 in Throwing
 22170 | Orc:2    | Entered Level 2 of the Orcish Mines
 22170 | Orc:2    | Found a staircase to the Elven Halls.
 22177 | Orc:2    | Noticed Rupert
 22216 | Orc:2    | Found Curet's Antique Armour Boutique.
 22277 | Orc:1    | Killed Rupert
 22328 | Orc:2    | Noticed Saint Roka
 22367 | Orc:2    | Paralysed by an ogre mage for 3 turns
 22544 | Orc:2    | Killed Saint Roka
 22675 | Orc:2    | Found Fingiob's Book Shoppe.
 22742 | Orc:2    | Found Huimox's General Store.
 22755 | Orc:2    | Bought a ring of see invisible for 255 gold pieces
 22755 | Orc:2    | Bought a potion of heal wounds for 85 gold pieces
 22755 | Orc:2    | Bought a scroll of teleportation for 51 gold pieces
 22796 | Orc:2    | Found Peps's Antique Weapon Shop.
 23001 | Orc:1    | Reached XP level 17. HP: 106/106 MP: 17/17
 23485 | Spider:1 | Entered Level 1 of the Spider Nest
 23557 | Spider:1 | Identified the +1 flail of Imminent Death {flame, +Blink
                  | rElec rC-} (Trog gifted it to you on level 1 of the Spider
                  | Nest)
 23557 | Spider:1 | Received a gift from Trog
 23822 | Spider:1 | Identified the +2 chain mail "Himnoex" {+Blink Dex+4}
 24551 | Spider:2 | Noticed Mlioglotl
 24557 | Spider:2 | Killed Mlioglotl
 24601 | Spider:2 | Noticed Arachne
 24609 | Spider:2 | Killed Arachne
 25502 | Spider:3 | Received a gift from Trog
 25666 | Spider:3 | Noticed Nikola
 25679 | Spider:3 | Killed Nikola
 26009 | Spider:4 | Entered Level 4 of the Spider Nest
 26219 | Spider:4 | Reached XP level 18. HP: 107/116 MP: 16/18
 26383 | Spider:4 | Reached skill level 10 in Throwing
 26420 | Spider:4 | Received a gift from Trog
 26711 | Spider:4 | Identified the staff of earth "Xyteodao" {Fragile rF- rC+++
                  | rCorr}
 26896 | Spider:4 | Found the +0 pair of fencer's gloves {Riposte Dex+3}
 26911 | Spider:4 | Got a gossamer rune of Zot
 27191 | Elf:1    | Entered Level 1 of the Elven Halls
 27234 | Elf:1    | Found Boedakhi's Weapon Shop.
 27235 | Abyss:3  | Cast into level 3 of the Abyss (a deep elf demonologist)
 27237 | Abyss:3  | Found a corrupted altar of Lugonu.
 27390 | Abyss:3  | Noticed a Hell Sentinel
 27392 | Abyss:3  | Found a corrupted altar of Lugonu.
 27420 | Abyss:3  | Killed a Hell Sentinel
 27592 | Elf:1    | Escaped the Abyss
 27595 | Elf:1    | Paralysed by an air elemental for 1 turns
 27597 | Elf:1    | Reached skill level 15 in Fighting
 27597 | Elf:1    | Reached skill level 15 in Armour
 27600 | Elf:1    | Paralysed by an air elemental for 1 turns
 27603 | Elf:1    | Received a gift from Trog
 27655 | Elf:1    | Found Rexkeack's Jewellery Boutique.
 27655 | Elf:1    | Found Muzxo's Antique Armour Shop.
 27660 | Elf:1    | Found Ojisup's Armour Boutique.
 27670 | Elf:1    | Bought the ring "Palococ" {Contam Int+9 Slay+5 SInv} for
                  | 957 gold pieces
 27670 | Elf:1    | Bought the ring of Jufuis {Will+ EV+5 Int+2} for 897 gold
                  | pieces
 27745 | Elf:1    | Identified the +6 short sword "Pendulum" {vamp, +Blink rF+
                  | rC- Dex+6}
 28258 | Elf:1    | Reached XP level 19. HP: 124/124 MP: 19/19
 28464 | Elf:2    | Found Akaenoet's Jewellery Boutique.
 28480 | Elf:2    | Received a gift from Trog
 28867 | Elf:2    | Found a runed translucent gate.
 28868 | Elf:2    | Found a runed translucent gate.
 28868 | Elf:2    | Found a runed translucent gate.
 29176 | Elf:2    | Received a gift from Trog
 29376 | Elf:3    | Entered Level 3 of the Elven Halls
 29451 | Elf:3    | Found a shimmering blue altar of Sif Muna.
 29579 | Elf:3    | Noticed a Brimstone Fiend
 29608 | Elf:3    | Identified the +5 quarterstaff "Ublutz" {antimagic, rF+
                  | Str+4 Dex-4}
 29643 | Elf:3    | Identified the +8 lajatang of the Pillar {heavy, Int+6}
 29836 | Elf:3    | Found a runed translucent door.
 29838 | Elf:3    | Noticed laial's ghost (adept GrFi)
 29882 | Elf:3    | Reached skill level 15 in Throwing
 30240 | Elf:3    | Identified the +7 mace "Rapraj" {heavy, Contam Fly rCorr}
 30269 | Elf:3    | Identified the +11 hand axe of the Big Fish {venom, Str+2}
 30269 | Elf:3    | Identified the ring of Sadest {rC- rCorr Str+3 Dex+2}
 30352 | Elf:3    | Identified the +0 spear "Iruscherghe" {flame, *Noise rF+
                  | rC++ Int-4}
 30383 | Elf:3    | Received a gift from Trog
 30384 | Elf:3    | Reached XP level 20. HP: 130/130 MP: 20/20
 30529 | Elf:3    | Identified the +2 falchion of the Lusting Enemy {venom,
                  | rPois}
 30531 | Elf:3    | Identified the staff of death "Tunohiss" {rN+ Int+6}
 30536 | Elf:3    | Identified the +5 longbow of Spite {heavy, rF+ Int-3 Dex+4
                  | SInv}
 30540 | Elf:3    | Identified the +11 sling "Ixutaceo" {heavy, rF+ Int-4
                  | Dex+2}
 31018 | Elf:3    | Killed laial's ghost
 31216 | Shoals:1 | Entered Level 1 of the Shoals
 32002 | Shoals:2 | Noticed Polyphemus
 32022 | Shoals:2 | Killed Polyphemus
 32048 | Shoals:2 | Noticed Roxanne
 32200 | Shoals:2 | Killed Roxanne
 32245 | Shoals:2 | Noticed Ilsuiw
 32260 | Shoals:2 | Identified the +5 trident "Rinu" {flame, Drain rC+ Will+}
                  | (Trog gifted it to you on level 2 of the Shoals)
 32260 | Shoals:2 | Received a gift from Trog
 32330 | Shoals:2 | Killed Ilsuiw
 32988 | Shoals:3 | Found the +7 mace of Variability {chaos, chaos arc}
 33342 | Shoals:4 | Entered Level 4 of the Shoals
 33439 | Shoals:4 | Found Cafeit Reqas's Jewellery Shoppe.
 33476 | Shoals:4 | Received a gift from Trog
 34234 | Shoals:4 | Identified the ring of Haoxothrara {rPois rC+ rCorr Int+6}
 34287 | Shoals:4 | Got a barnacled rune of Zot
 34735 | Vaults:1 | Entered Level 1 of the Vaults
 34797 | Vaults:1 | Reached XP level 21. HP: 112/139 MP: 21/21
 34802 | Vaults:1 | Received a gift from Trog
 35461 | Vaults:1 | Received a gift from Trog
 36341 | Vaults:2 | Received a gift from Trog
 36719 | Vaults:3 | Reached XP level 22. HP: 120/147 MP: 22/22
 36897 | Vaults:3 | Noticed Mennas
 36912 | Vaults:3 | Killed Mennas
 37059 | Vaults:3 | Noticed Mara
 37062 | Vaults:3 | Noticed Rrauwl's illusion
 37097 | Vaults:3 | Found a staircase to the Crypt.
 37123 | Vaults:3 | Reached skill level 5 in Stealth
 37145 | Vaults:3 | Received a gift from Trog
 37266 | Vaults:3 | Found Raky's Antique Armour Shoppe.
 37273 | Vaults:3 | Bought a runed kite shield for 195 gold pieces
 37451 | Vaults:3 | Noticed Rrauwl's illusion
 37452 | Vaults:3 | Killed Mara
 37615 | Vaults:3 | Reached skill level 5 in Dodging
 38481 | Vaults:4 | Reached XP level 23. HP: 114/155 MP: 23/23
 38613 | Vaults:4 | Received a gift from Trog
 39116 | Vaults:5 | Entered Level 5 of the Vaults
 39117 | Vaults:5 | Noticed an ancient lich
 39123 | Vaults:5 | Noticed an ancient lich
 39138 | Vaults:5 | Killed an ancient lich
 39201 | Vaults:5 | Noticed a golden dragon
 39228 | Vaults:5 | Killed a golden dragon
 39463 | Vaults:5 | Identified the +1 trident "Newtbane" {drain, Int+4}
 39480 | Vaults:5 | Received a gift from Trog
 39504 | Vaults:5 | Killed an ancient lich
 39603 | Vaults:5 | Identified the +7 battleaxe of Irritation {freeze, rPois
                  | rF+}
 39607 | Vaults:5 | Noticed Sojobo
 39620 | Vaults:5 | Killed Sojobo
 39642 | Vaults:5 | Identified the amulet of the Salmon {Reflect rCorr Str+3
                  | Int+3 Dex+2 SH+5}
 39660 | Vaults:5 | Identified the ring "Awkiadd" {rC++ Will++ rCorr Int-2}
 39909 | Vaults:5 | Identified the staff of earth "Cuwnanlo" {rF+ Int+3 Stlth-}
 40006 | Vaults:5 | Received a gift from Trog
 40076 | Vaults:5 | Identified the +2 leather armour of Efod {rN+ Int+2 Dex+2}
 40168 | Vaults:5 | Reached XP level 24. HP: 96/163 MP: 23/23
 40317 | Vaults:5 | Got a silver rune of Zot
 41485 | Depths:1 | Entered Level 1 of the Depths
 41497 | Depths:1 | Found a gateway to Hell.
 41503 | Depths:1 | Received a gift from Trog
 41591 | Depths:1 | Found a large runed translucent door.
 41591 | Depths:1 | Found a large runed translucent door.
 41592 | Depths:1 | Noticed Biunumosm's ghost (adept OpVM)
 41634 | Depths:1 | Found a one-way gateway to a ziggurat.
 41770 | Depths:1 | Noticed a dread lich
 41789 | Depths:1 | Killed a dread lich
 41847 | Depths:1 | Received a gift from Trog
 42103 | Depths:1 | Found a white marble altar of Elyvilon.
 42499 | Depths:1 | Killed Biunumosm's ghost
 42517 | Depths:1 | Identified the staff of death "Wades" {*Slow rPois rN+
                  | Dex+3}
 42578 | Depths:2 | Found a flickering gateway to a bazaar.
 42604 | Bazaar   | Entered a bazaar
 42626 | Bazaar   | Found Ynysoaxt's Book Boutique.
 42640 | Bazaar   | Found Dumoivum's Book Shop.
 42654 | Bazaar   | Found Kifarph's Armour Boutique.
 42668 | Bazaar   | Found Booluudd's Assorted Antiques.
 42675 | Bazaar   | Bought the +2 hood of the Assassin {Detect Stab+ Stlth++}
                  | for 1380 gold pieces
 42675 | Bazaar   | Found the +2 hood of the Assassin {Detect Stab+ Stlth++}
 42675 | Bazaar   | Bought a potion of heal wounds for 115 gold pieces
 42675 | Bazaar   | Bought a pair of embroidered boots for 172 gold pieces
 42675 | Bazaar   | Bought a potion of curing for 69 gold pieces
 42692 | Bazaar   | Found Yhydducu's Weapon Boutique.
 42706 | Bazaar   | Found Osotin's Weapon Shop.
 42977 | Depths:2 | Found a one-way gate leading to the halls of Pandemonium.
 43481 | Depths:2 | Noticed Grunn
 43498 | Depths:2 | Killed Grunn
 43828 | Depths:2 | Received a gift from Trog
 43832 | Depths:2 | Noticed a caustic shrike
 43837 | Depths:2 | Killed a caustic shrike
 43856 | Depths:2 | Reached XP level 25. HP: 170/171 MP: 23/23
 44826 | Depths:3 | Received a gift from Trog
 45089 | Depths:3 | Found a one-way gate to the infinite horrors of the Abyss.
 45309 | Depths:4 | Entered Level 4 of the Depths
 45594 | Depths:4 | Found a portal to a secret trove of treasure.
 45837 | Depths:4 | Noticed a juggernaut
 45843 | Depths:4 | Killed a juggernaut
 46391 | Depths:4 | Found a gate to the Realm of Zot.
 46537 | Hell     | Entered the Vestibule of Hell
 46537 | Hell     | Noticed Geryon
 46728 | Abyss:3  | Cast into level 3 of the Abyss (hell knight)
 46739 | Abyss:3  | Found a corrupted altar of Lugonu.
 46776 | Abyss:3  | Noticed a dread lich
 46785 | Abyss:3  | Killed a dread lich
 46875 | Abyss:3  | Received a gift from Trog
 46941 | Abyss:3  | Found a corrupted altar of Lugonu.
 47061 | Depths:4 | Escaped the Abyss
 47309 | Hell     | Killed Geryon
 47356 | Depths:4 | You paid a toll of the horn of Geryon to enter a treasure
                  | trove
 47357 | Trove    | Entered a treasure trove
 47357 | Trove    | Found the +0 mask of the Dragon {Will+ Slay+3 SInv}
 47359 | Trove    | Identified the +0 tower shield of Fortitude {Dex+2}
 47361 | Trove    | Identified the amulet of Xodghumu {RegenMP Str-4 Int+6
                  | SInv}
 47364 | Trove    | Identified the +1 hat "Ufocopn" {rF++ rC+ Regen+}
 47374 | Trove    | Identified the +3 buckler of the Jumping Gods {Harm +Blink
                  | rElec Str+4}
 47379 | Trove    | Identified the ring "Caqus" {rPois rF+ rC+ rN++ Int-5}
 47394 | Trove    | Identified the ring of Jacwin {rPois rC+ rN+ Int-4 SInv}
 47409 | Trove    | Identified the ring "Waocluunt" {rF+ Int+4 Dex+6}
 48094 | Crypt:1  | Entered Level 1 of the Crypt
 48249 | Crypt:1  | Reached XP level 26. HP: 182/182 MP: 23/23
 48829 | Crypt:2  | Received a gift from Trog
 48989 | Crypt:2  | Found a transporter.
 49006 | Crypt:2  | Noticed Ceuschugat's ghost (veteran GrFi)
 49176 | Crypt:2  | Noticed an ancient lich
 49178 | Crypt:2  | Found a transporter.
 49354 | Crypt:2  | Noticed Nedaafist's ghost (adept DgNe)
 49549 | Crypt:2  | Killed an ancient lich
 49575 | Crypt:2  | Killed Nedaafist's ghost
 49822 | Crypt:2  | Received a gift from Trog
 49836 | Crypt:2  | Killed Ceuschugat's ghost
 49891 | Crypt:3  | Entered Level 3 of the Crypt
 50300 | Crypt:3  | Received a gift from Trog
 50396 | Crypt:3  | Noticed a royal mummy
 50406 | Crypt:3  | Killed a royal mummy
 50537 | Crypt:3  | Identified the amulet "Qyxemnisk" {RegenMP rC+ Int+2}
 50612 | Crypt:3  | Identified the ring of Yrchin {rF+ rC+++ EV+5 Int+5}
 50643 | Crypt:3  | Identified the staff of conjuration "Pammuw" {Str+2 Int+5
                  | Dex-3 Stlth+}
 50779 | Crypt:3  | Found a staircase to the Tomb.
 50991 | Crypt:3  | Identified the ring of Ephemeral Luck {*Corrode rF+++ rC+++
                  | rN+ Int-5}
 51001 | Crypt:3  | Identified the ring of the Six Wishes {rN+ Int+3}
 51001 | Crypt:3  | Identified the ring "Fezisuoc" {Contam rF+ rN+ Str+5 SInv}
 51468 | Slime:1  | Entered Level 1 of the Pits of Slime
 51483 | Slime:1  | Received a gift from Trog
 52470 | Slime:4  | Reached XP level 27. HP: 193/193 MP: 23/23
 52481 | Slime:4  | Received a gift from Trog
 52598 | Slime:5  | Entered Level 5 of the Pits of Slime
 52693 | Slime:5  | Gained mutation: You are frail. (-10% HP) [a shining eye]
 52694 | Slime:5  | Gained mutation: You are partially covered in iridescent
                  | scales. (AC +2) [a shining eye]
 52696 | Slime:5  | Gained mutation: You are weak. (Str -2) [a shining eye]
 52704 | Slime:5  | Noticed the Royal Jelly
 52715 | Slime:5  | Killed the Royal Jelly
 52822 | Slime:5  | Lost mutation: Your natural rate of healing is unusually
                  | fast. [potion of mutation]
 52822 | Slime:5  | Lost mutation: You are frail. (-10% HP) [potion of
                  | mutation]
 52822 | Slime:5  | Lost mutation: You are partially covered in iridescent
                  | scales. (AC +2) [potion of mutation]
 52822 | Slime:5  | Gained mutation: Your body sometimes deteriorates upon
                  | taking damage. [potion of mutation]
 52822 | Slime:5  | Gained mutation: You are frail. (-10% HP) [potion of
                  | mutation]
 52822 | Slime:5  | Gained mutation: You occasionally lose the ability to read
                  | scrolls when taking damage. [potion of mutation]
 52822 | Slime:5  | Gained mutation: You are agile. (Dex +4, Str/Int -1)
                  | [potion of mutation]
 52823 | Slime:5  | Lost mutation: You are frail. (-10% HP) [potion of
                  | mutation]
 52823 | Slime:5  | Lost mutation: You are agile. (Dex +4, Str/Int -1) [potion
                  | of mutation]
 52823 | Slime:5  | Gained mutation: You have hidden genetic potential. [potion
                  | of mutation]
 52823 | Slime:5  | Gained mutation: You have a somewhat thin skeletal
                  | structure. (Dex +2, Stealth+) [potion of mutation]
 52824 | Slime:5  | Lost mutation: You have hidden genetic potential. [potion
                  | of mutation]
 52824 | Slime:5  | Lost mutation: You have sharp toenails. [potion of
                  | mutation]
 52824 | Slime:5  | Lost mutation: You are weak. (Str -2) [potion of mutation]
 52824 | Slime:5  | Gained mutation: Potions are less effective at restoring
                  | your health. [potion of mutation]
 52824 | Slime:5  | Gained mutation: Your body often deteriorates upon taking
                  | damage. [potion of mutation]
 52824 | Slime:5  | Lost mutation: You have a somewhat thin skeletal structure.
                  | (Dex +2, Stealth+) [potion of mutation]
 52824 | Slime:5  | Gained mutation: You are covered in fur. (AC +1) [potion of
                  | mutation]
 52878 | Slime:5  | Paralysed by a floating eye for 2 turns
 52910 | Slime:5  | Identified the staff of cold "Perou" {rC+ rN+}
 52915 | Slime:5  | Got a slimy rune of Zot
 52917 | Slime:5  | Identified the +5 ring mail of the Sky {Stlth+}
 52923 | Slime:5  | Identified the staff of death "Wikorph" {*Corrode rC+ rN+
                  | Will+}
 52930 | Slime:5  | Lost mutation: You occasionally lose the ability to read
                  | scrolls when taking damage. [potion of mutation]
 52930 | Slime:5  | Lost mutation: Your body often deteriorates upon taking
                  | damage. [potion of mutation]
 52930 | Slime:5  | Gained mutation: You do not regenerate when monsters are
                  | visible. [potion of mutation]
 52962 | Slime:5  | Lost mutation: Your body sometimes deteriorates upon taking
                  | damage. [potion of mutation]
 52962 | Slime:5  | Lost mutation: You are covered in fur. (AC +1) [potion of
                  | mutation]
 52962 | Slime:5  | Gained mutation: You are weak. (Str -2) [potion of
                  | mutation]
 52962 | Slime:5  | Gained mutation: You are partially covered in iridescent
                  | scales. (AC +2) [potion of mutation]
 52962 | Slime:5  | Gained mutation: Your spells are a little harder to cast,
                  | but a little more powerful. [potion of mutation]
 52973 | Slime:5  | Identified the +1 leather armour of Brilliance {rF+ Int+4}
 53102 | Slime:5  | Identified the +3 acid dragon scales of Ossuzui {Contam
                  | rN+++ rCorr Str+4 Dex+3}
 53111 | Slime:5  | Identified the +3 chain mail of Cloud Cover {Int+4}
 53112 | Slime:5  | Identified the +1 ring mail "Forget-Me-Not" {+Blink +Inv
                  | MP+9}
 53116 | Slime:5  | Identified the +10 flail "Pedane" {flame, Dex+4}
 53983 | Hell     | Found a gateway to the freezing wastes of Cocytus.
 54049 | Hell     | Found a gateway to the Iron City of Dis.
 54125 | Hell     | Found a gateway to the ashen valley of Gehenna.
 54259 | Hell     | Found a gateway to the decaying netherworld of Tartarus.
 54439 | Depths:3 | Voluntarily entered the Abyss.
 54529 | Abyss:3  | Received a gift from Trog
 54573 | Abyss:3  | Found a shimmering altar of Xom.
 54578 | Abyss:3  | Found a stormy altar of Qazlal.
 54579 | Abyss:3  | Found a shimmering blue altar of Sif Muna.
 54579 | Abyss:3  | Found an opulent altar of Gozag.
 54581 | Abyss:3  | Found a blossoming altar of Fedhas.
 54581 | Abyss:3  | Found a sparkling altar of Nemelex Xobeh.
 54581 | Abyss:3  | Found a hide-covered altar of Uskayaw.
 54581 | Abyss:3  | Found a burning altar of Makhleb.
 54581 | Abyss:3  | Found an iron altar of Okawaru.
 54581 | Abyss:3  | Found an ancient bone altar of Kikubaaqudgha.
 54584 | Abyss:3  | Found a shadowy altar of Dithmenos.
 54591 | Abyss:3  | Found a white marble altar of Elyvilon.
 54591 | Abyss:3  | Found a snail-covered altar of Cheibriados.
 54591 | Abyss:3  | Found a bloodstained altar of Trog.
 54593 | Abyss:3  | Found a basalt altar of Yredelemnul.
 54593 | Abyss:3  | Found a radiant altar of Vehumet.
 54593 | Abyss:3  | Found a glowing silver altar of Zin.
 54593 | Abyss:3  | Found a hazy altar of Hepliaklqana.
 54595 | Abyss:3  | Found a broken altar of Ashenzari.
 54595 | Abyss:3  | Found a hazy altar of Hepliaklqana.
 54595 | Abyss:3  | Found a glowing golden altar of the Shining One.
 55184 | Abyss:3  | Received a gift from Trog
 55220 | Abyss:3  | Found a corrupted altar of Lugonu.
 55228 | Abyss:3  | Got an abyssal rune of Zot
 55247 | Depths:3 | Escaped the Abyss
 56236 | Zot:1    | Entered Level 1 of the Realm of Zot
 57080 | Zot:5    | Entered Level 5 of the Realm of Zot
 57498 | Zot:5    | Identified the +11 flail "Rivaci" {heavy, rCorr} (Trog
                  | gifted it to you on level 5 of the Realm of Zot)
 57498 | Zot:5    | Received a gift from Trog
 57500 | Zot:5    | Noticed an ancient lich
 57501 | Zot:5    | Noticed an orb of fire
 57503 | Zot:5    | Noticed a dread lich
 57504 | Zot:5    | Noticed an orb of fire
 57507 | Zot:5    | Noticed an ancient lich
 57512 | Zot:4    | Killed an ancient lich
 57517 | Zot:4    | Killed an orb of fire
 57705 | Zot:5    | Noticed an orb of fire
 57714 | Zot:5    | Lost mutation: Your spells are a little harder to cast, but
                  | a little more powerful. [an orb of fire]
 57716 | Zot:5    | Killed a dread lich
 57719 | Zot:5    | Killed an orb of fire
 57725 | Zot:5    | Killed an orb of fire
 57823 | Zot:5    | Noticed an ancient lich
 57829 | Zot:5    | Killed an ancient lich
 57831 | Zot:5    | Noticed an ancient lich
 57833 | Zot:5    | Noticed a dread lich
 57834 | Zot:5    | Noticed an ancient lich
 57835 | Zot:5    | Noticed an ancient lich
 57837 | Zot:5    | Killed an ancient lich
 57841 | Zot:5    | Noticed a dread lich
 57855 | Zot:4    | Killed a dread lich
 57954 | Zot:5    | Killed a dread lich
 57955 | Zot:5    | Noticed an ancient lich
 57963 | Zot:5    | Killed an ancient lich
 57973 | Zot:5    | Killed an ancient lich
 57974 | Zot:5    | Reached skill level 27 in Fighting
 57978 | Zot:5    | Killed an ancient lich
 57979 | Zot:5    | Reached skill level 27 in Armour
 58094 | Zot:5    | Killed an ancient lich
 58201 | Zot:5    | Noticed a dread lich
 58213 | Zot:5    | Killed a dread lich
 58289 | Zot:5    | Got the Orb of Zot
 58314 | Zot:5    | Noticed an orb of fire
 58324 | Zot:5    | Gained mutation: You are mostly covered in iridescent
                  | scales. (AC +4) [an orb of fire]
 58920 | D:$      | Escaped with the Orb!

Illustrated notes

Levels and vault maps discovered:
D:1:      mrwooster_arrival_statue, layout_basic, minmay_hedge_maze,
          hangedman_decor_lopped, minmay_rat_gold_closets
D:2:      layout_rooms
D:3:      layout_basic, serial_shops, nicolae_shop_statue_plus,
          minmay_misc_feat_x
D:4:      layout_basic, serial_shops, nicolae_shop_bloodbath_and_beyond
D:5:      gammafunk_steamed_eel, layout_basic, kennysheep_generic_room_11
D:6:      layout_rooms, mainiacjoe_overflow_catwalk_spiral
D:7:      layout_basic, minmay_temple_entry_waves, gammafunk_ghost_smash,
          reono_crystal_passage, kennysheep_generic_room_3
D:8:      layout_basic, lemuel_crystal_altar, vehumet_statue, uniq_maurice
D:9:      layout_rooms, lemuel_blue_sif_altar, grunt_lair_entry_orc_guard_hut,
          orc_0_dummy, enter_bailey_3
D:10:     layout_grid_maze, overflow_temple_1_default,
          gammafunk_ghost_berserking_beasts, nrook_mini_backslash,
          grunt_decor_fettered, minmay_misc_feat_hallway, uniq_maggie
D:11:     layout_basic, minivault_16
D:12:     layout_roguey, dreamdust_princess_bridge, uniq_azrael
D:13:     layout_loops_cross, serial_shops, shop, gauntlet_entry_generic,
          minmay_hollow_rounded_squares
D:14:     minmay_cut_squares, layout_loops_ring, grunt_vaults_entry_fortified,
          serial_rivers, chequers_serial_rivers_micro_e,
          chequers_serial_rivers_large_a, chequers_serial_rivers_small_b,
          chequers_serial_rivers_small_3, chequers_serial_rivers_small_a,
          chequers_serial_rivers_room_b, uniq_jorgrun, uniq_josephine
D:15:     grunt_enter_depths_snipers, layout_layer_cave,
          hangedman_abyss_or_decor_lesser_grid, lightli_corner_chamber,
          uniq_louise
Temple:   kb_temple_of_zot
Lair:1:   layout_misc_corridors, gammafunk_ghost_split
Lair:2:   layout_layer_cave, nicolae_spider_entry_lesser_pyramids,
          nzn_sisyphean_effort, serial_bayou_shore_b, uniq_urug
Lair:3:   beargit_carnivore_pack, layout_concentric_octagons,
          minmay_shoals_entry_hut, serial_bayou_lagoon_a,
          chequers_serial_rivers_room_b
Lair:4:   cheibrodos_magma_flow, layout_regular_city,
          minmay_slime_entry_pillars, grunt_megastairs_1,
          infiniplex_staircase_pool
Lair:5:   hangedman_lair_caniforms_friends, layout_layer_cave,
          grunt_megastairs_3, infiniplex_staircase_pool_2, serial_bayou_shore_a
Shoals:1: layout_shoals
Shoals:2: layout_shoals, uniq_ilsuiw, uniq_polyphemus, uniq_roxanne
Shoals:3: layout_shoals
Shoals:4: shoals_end_grunt_ice, layout_shoals, serial_shops, shop
Spider:1: cheibrodos_forgotten_conduit
Spider:2: layout_spider_delve, uniq_mlioglotl, uniq_arachne
Spider:3: layout_spider_delve, uniq_nikola
Spider:4: hellmonk_spider_rune_endless_swarm, nicolae_spider_scorpion_nest
Slime:1:  layout_caves
Slime:2:  layout_caves
Slime:3:  layout_caves
Slime:4:  layout_caves
Slime:5
Orc:1:    layout_caves
Orc:2:    grunt_orc_gardens, layout_caves, grunt_orc_garden, grunt_orc_garden,
          grunt_orc_garden, grunt_orc_garden, uniq_saint_roka, uniq_rupert
Elf:1:    layout_loops_cross, minivault_28, minmay_shoptagon
Elf:2:    nicolae_elf_blades_crystal_corner, layout_geoelf_octagon,
          serial_shops, shop
Elf:3:    minmay_elf_hall_quartered_circle, layout_loops_ring,
          ebering_ghost_inner_flame, hangedman_summoners_spam
Vaults:1: hangedman_vaults_stream, hangedman_vaults_cutoff,
          nicolae_vaults_storage_room_glass, nicolae_vaults_lightning_bolt,
          nicolae_vaults_security_offices_1, ontoclasm_vaults_misaligned,
          hangedman_vaults_trim, v_pattern_3, nicolae_vaults_little_ls,
          nicolae_vaults_asterisk, nicolae_vaults_turnstiles,
          nicolae_vaults_trapezoid_lopsided_1, nicolae_vaults_bisected_slash,
          layout_vaults_big_room
Vaults:2: vaults_room_grunt_arrival_ludios, nicolae_vaults_trapezoid_3,
          nicolae_vaults_ring_of_whatevers, v_rooms_1, vaults_dpeg_hooks,
          v_misc_5, ontoclasm_vaults_gateway, nicolae_vaults_trapezoid_3,
          v_misc_26, v_misc_1, nicolae_vaults_storage_room_water,
          nicolae_vaults_alarming, v_misc_16, layout_vaults_maze_snakey
Vaults:3: nicolae_vaults_two_Ls, nicolae_vaults_stairing_the_circle,
          nicolae_vaults_closet_pinwheel_4, minmay_crypt_entry_simple_walls,
          hangedman_vaults_slice, v_misc_4, grunt_vaults_twisty,
          nicolae_vaults_heist, nicolae_vaults_tetromino_L_1,
          nicolae_vaults_tetromino_L_2, layout_vaults_omnigrid, serial_shops,
          shop, uniq_mara, uniq_mennas
Vaults:4: nicolae_vaults_three_branches, vaults_room_pool,
          nicolae_vaults_murder_corner, vaults_standard_mumra_x, v_misc_5,
          nicolae_vaults_trapezoid_4, hangedman_vaults_river_flow, v_misc_24,
          nicolae_vaults_little_squares_4, nicolae_vaults_heart-shaped_vault,
          nicolae_vaults_border_crossing, layout_vaults_big_cross
Vaults:5: serial_shops, uniq_sojobo
Crypt:1:  layout_rooms, grunt_crypt_arrival_webbed, grunt_megastairs_2,
          lemuel_upstairs_altar
Crypt:2:  layout_gridlike, nzn_ghost_randoct, nicolae_crypt_small_crypt,
          uniq_josephina, uniq_margery
Crypt:3:  due_elkab, layout_chaotic_city
Depths:1: layout_cave_shapes, ziggurat_fallback, ebering_ghost_disaster_area,
          hell_entry, special_room [special_room_morgue], serial_bayou,
          serial_bayou_shore_b, serial_bayou_crossing, serial_bayou_pond_c,
          serial_bayou_lake_a, elyvilon_altar_3
Depths:2: cell_vault, layout_gridlike, pf_coc_iceberg, serial_shops,
          bzr_entry_lakeside, grunt_pan_entry_in_and_out, uniq_grunn
Depths:3: nzn_winding_woodlands_cross [nzn_winding_woodlands_5x15_longhouse,
          nzn_winding_woodlands_5x15_pockets, nzn_winding_woodlands_5x15_pool,
          nzn_winding_woodlands_5x15_pathside_ponds,
          nzn_winding_woodlands_15x15_thick_spiral], layout_gridlike,
          abyss_entry, hell_entry, minmay_misc_feat_ornament,
          corexii_corridor_pit, kennysheep_nondescript
Depths:4: grunt_zot_entry_hairpin, layout_basic,
          nicolae_trove_entry_free_sample, serial_aquarium,
          aquarium_bridge_straight [aquarium_subvault_bridge,
          aquarium_subvault_window, aquarium_subvault_bridge,
          aquarium_subvault_balcony], aquarium_bridge_long_separate
          [aquarium_subvault_bridge, aquarium_subvault_wall,
          aquarium_subvault_wall, aquarium_subvault_window,
          aquarium_subvault_bridge, aquarium_subvault_bridge],
          aquarium_window_fake, aquarium_window_fake, aquarium_window_fake,
          aquarium_view_2c, aquarium_view_2e, aquarium_balcony_double_4,
          aquarium_pool_2, hell_entry
Hell
Zot:1:    layout_misc_corridors, lemuel_baited_zot_trap
Zot:2:    layout_twisted_circle, grunt_ministairs_15
Zot:3:    layout_gridville, grunt_ministairs_6
Zot:4:    layout_concentric_octagons, grunt_ministairs_7,
          hangedman_player_shredder
Zot:5:    layout_misc_corridors

Skill      XL: |  1  2  3  4  5  6  7  8  9 10 11 12 13 14 15 16 17 18 19 20 21 22 23 24 25 26 27 |
---------------+----------------------------------------------------------------------------------+-----
Stealth        | 1 2 3 4 5 |  5.0
Dodging        | 2 3 5 |  5.0
Armour         | 3 4 5 6 8 10 11 12 13 15 17 18 19 20 21 23 24 27 | 27.0
Fighting       | 4 5 6 8 10 11 12 13 15 17 18 19 20 21 23 25 27 | 27.0
Evocations     | 1 2 4 6 |  6.0
Maces & Flails | 4 5 8 11 14 16 18 20 | 20.0
Shields        | 4 11 13 15 16 17 18 19 20 25 | 25.2
Throwing       | 2 7 9 12 15 16 18 19 20 | 20.0

Action                     |  1- 3 |  4- 6 |  7- 9 | 10-12 | 13-15 | 16-18 | 19-21 | 22-24 | 25-27 || total
---------------------------+-------+-------+-------+-------+-------+-------+-------+-------+-------++-------
  Melee: Mace              |   115 |   202 |       |       |       |       |       |       |       ||   317
         Punch             |     1 |       |     5 |     1 |       |       |       |       |       ||     7
         Flail             |       |    23 |   320 |   703 |       |       |       |       |       ||  1046
         Morningstar       |       |       |       |   143 |   501 |       |       |       |       ||   644
         Eveningstar       |       |       |       |       |   864 |  1147 |  1002 |  1172 |  2036 ||  6221
         Headbutt          |       |       |       |       |    21 |       |       |       |       ||    21
         Kick              |       |       |       |       |   131 |   409 |   458 |   437 |       ||  1435
  Throw: Javelin           |       |       |       |       |       |     6 |    10 |    10 |     6 ||    32
 Invoke: Berserk           |     1 |     2 |     1 |     8 |     2 |     1 |       |     3 |     2 ||    20
         Trog's Hand       |       |       |     1 |     3 |     3 |     2 |     2 |     4 |     7 ||    22
         Brothers in Arms  |       |       |       |     3 |     1 |     3 |     5 |     7 |    14 ||    33
  Evoke: Wand              |       |     1 |    20 |     8 |     4 |     5 |    11 |     4 |     8 ||    61
         Lightning rod     |       |       |       |       |     1 |       |       |       |       ||     1
    Use: Scroll            |     2 |     4 |     7 |     2 |     8 |     4 |     3 |     9 |    11 ||    50
         Potion            |       |     2 |     4 |     7 |     8 |     3 |     2 |     5 |     6 ||    37
   Stab: Sleeping          |     7 |       |       |       |       |       |       |       |       ||     7
         Invisible         |       |       |     8 |       |       |       |       |     4 |       ||    12
         Petrifying        |       |       |       |       |     1 |       |     1 |       |       ||     2
         Paralysed         |       |       |       |       |     1 |       |       |       |       ||     1
         Distracted        |       |       |       |       |       |    13 |    14 |    23 |    44 ||    94
         Petrified         |       |       |       |       |       |       |     1 |       |       ||     1
 Armour: Animal skin       |    37 |       |       |       |       |       |       |       |       ||    37
         Plate armour      |    21 |   155 |   192 |   463 |   610 |   632 |   447 |   170 |       ||  2690
         Gold dragon scale |       |       |       |       |       |       |       |   258 |   836 ||  1094
  Dodge: Dodged            |    67 |    64 |   118 |   398 |   447 |   411 |   313 |   220 |   287 ||  2325
  Block: Kite shield       |       |       |       |   408 |   853 |   757 |   650 |   865 |  1615 ||  5148
         Reflection        |       |       |       |       |       |       |       |    26 |    18 ||    44

Table legend: (Time is in decaauts)
 A = Elapsed time spent in this place.
 B = Non-inter-level travel time spent in this place.
 C = Inter-level travel time spent in this place.
 D = Time resting spent in this place.
 E = Time spent auto-exploring this place.
 F = Levels seen in this place.
 G = Mean time per level.
                   A        B        C        D        E       F      G
               +--------+--------+--------+--------+--------+-----+--------+
         Total |  57548 |  49525 |   8023 |   1389 |  33241 |  65 |  885.4 |
       Dungeon |  16725 |  13192 |   3533 |    211 |   9644 |  15 | 1115.0 |
        Temple |    208 |    192 |     16 |      0 |    181 |   1 |  208.0 |
          Lair |   7275 |   6368 |    907 |    266 |   4266 |   5 | 1455.0 |
        Shoals |   3269 |   3152 |    117 |     30 |   2434 |   4 |  817.2 |
   Spider Nest |   3141 |   2875 |    266 |      0 |   1920 |   4 |  785.2 |
    Slime Pits |   1820 |   1703 |    117 |      0 |   1178 |   5 |  364.0 |
  Orcish Mines |   1283 |   1098 |    185 |     25 |    686 |   2 |  641.5 |
   Elven Halls |   3429 |   3290 |    139 |    205 |   2016 |   3 | 1143.0 |
        Vaults |   6372 |   5585 |    787 |     49 |   3787 |   5 | 1274.4 |
         Crypt |   2886 |   2597 |    289 |      0 |   1695 |   3 |  962.0 |
        Depths |   6345 |   5066 |   1279 |    201 |   3535 |   4 | 1586.2 |
          Hell |    552 |    539 |     13 |      0 |    308 |   1 |  552.0 |
           Zot |   1566 |   1196 |    370 |    390 |    188 |   5 |  313.2 |
         Abyss |   1441 |   1441 |      0 |     12 |    675 |   4 |  360.2 |
        Bazaar |    124 |    124 |      0 |      0 |    104 |   1 |  124.0 |
         Trove |    178 |    178 |      0 |      0 |    130 |   1 |  178.0 |
        Bailey |    418 |    418 |      0 |      0 |    199 |   1 |  418.0 |
      Gauntlet |    508 |    508 |      0 |      0 |    292 |   1 |  508.0 |
               +--------+--------+--------+--------+--------+-----+--------+

Top non-repeatable levels by time:
Depths:4: 2046 daAuts
  Lair:5: 1909 daAuts
Depths:2: 1779 daAuts
    D:14: 1607 daAuts
  Lair:2: 1604 daAuts
Vaults:3: 1587 daAuts
    D:10: 1571 daAuts
Vaults:5: 1484 daAuts
    D:15: 1461 daAuts
 Abyss:3: 1441 daAuts
     D:9: 1414 daAuts
     D:5: 1402 daAuts
    D:11: 1391 daAuts
Depths:3: 1379 daAuts
   Elf:3: 1373 daAuts
